AoeStats
← bau

Arabia

505419046Analyzed
1v1 RM · 24d ago on Sep 9, 2026· 53m 50s· 2 players
Game mode
Random Map
Map size
Tiny (2 player)
Population
200
Speed
Normal
Resources
Standard
Victory
Conquest
Starting age
Dark Age
Ending age
Imperial Age
RankedLock teamsTeams togetherTeam positionsShared explorationLock speedFull tech treeHidden civsTurbo modeCheats
Victory
Defeat
🇺🇸 Khitans · United States
1043
+15
🇦🇷 Franks · Argentina
1017
-15
bau
9:57 Feudal Age
8:17 Loom
14:58 Castle Age
20:18 Forging
22:57 Husbandry
24:49 Stone Mining
27:44 Iron Casting
35:51 Padded Archer Armor
46:31 Double-Bit Axe
46:30 Elite Skirmisher
50:17 Wheelbarrow
49:27 Town Watch
50:16 Fletching
ArcticWind480
5:54 Loom
9:40 Feudal Age
10:28 Double-Bit Axe
10:28 Domestication
16:13 Forging
20:24 Castle Age
20:08 Fletching
20:18 Padded Archer Armor
26:05 Bodkin Arrow
33:03 Sanctity
35:24 Imperial Age
43:06 Ballistics
44:18 Bracer
45:54 Thumb Ring
48:19 Bow Saw
48:16 Pastoralism
48:54 Wheelbarrow
49:07 Leather Archer Armor
49:03 Husbandry
50:46 Heavy Cavalry Archer
51:51 Parthian Tactics
52:41 Ordo Cavalry
52:57 Conscription
53:25 Gold Mining
53:25 Stone Mining
54:50 Two-Man Saw
54:19 Scale Barding Armor
Connection lost

Rejoining the realm…

Still unreachable

The connection could not be restored.

Session expired

The server has moved on; the page needs a fresh start.